[Event "1000GM Spring IM-C 2024"]
[Site "New York"]
[Date "2024.04.01"]
[Round "9.4"]
[White "Atwell, Rose"]
[Black "Tanenbaum, Zachary"]
[Result "0-1"]
[ECO "C63"]
[WhiteElo "2285"]
[BlackElo "2260"]
[Annotator "RC"]
[PlyCount "62"]
[EventDate "2024.03.26"]
[EventType "tourn"]
[EventCountry "USA"]
[SourceTitle "playchess.com"]
[Source "ChessBase"]
[SourceQuality "1"]
[TimeControl "5400+30"]

1. e4 e5 2. Nf3 Nc6 3. Bb5 f5 4. d3 fxe4 5. dxe4 Nf6 6. O-O d6 7. Nc3 Be7 8. Bc4 Na5 9. Bd3 O-O 10. b4 Nc6 11. b5 Na5 12. Nd5 Bg4 13. Be2 Kh8 14. h3 Be6 15. Bd2 b6 16. Bxa5 bxa5 17. Nxf6 Bxf6 18. c4 c6 19. Qa4 cxb5 20. cxb5 Qb6 21. Bc4 d5 22. exd5 Bf5 23. Rae1 e4 24. Nd2 Rae8 25. Bb3 Bd4 26. Nc4 Qg6 27. Ne3 Bb6 28. Kh2 Bxh3 29. gxh3 Bc7+ 30. f4 exf3+ 31. Kh1 Qg3 0-1

[Event "1000GM Spring IM-C 2024"]
[Site "New York"]
[Date "2024.04.01"]
[Round "9.5"]
[White "Tang, Zoey"]
[Black "Yang, Qindong"]
[Result "1/2-1/2"]
[ECO "E11"]
[WhiteElo "2253"]
[BlackElo "2234"]
[Annotator "RC"]
[PlyCount "74"]
[EventDate "2024.03.26"]
[EventType "tourn"]
[EventCountry "USA"]
[SourceTitle "playchess.com"]
[Source "ChessBase"]
[SourceQuality "1"]
[TimeControl "5400+30"]

1. d4 Nf6 2. c4 e6 3. Nf3 Bb4+ 4. Bd2 a5 5. a3 Bxd2+ 6. Qxd2 d5 7. e3 O-O 8. Nc3 Nbd7 9. cxd5 exd5 10. Bd3 c6 11. O-O Qe7 12. Qc2 Re8 13. Rab1 Ne4 14. Bxe4 dxe4 15. Nd2 Nf6 16. b4 axb4 17. axb4 Bf5 18. b5 c5 19. Nb3 cxd4 20. Nxd4 Bd7 21. Rfc1 Qe5 22. Nce2 Rec8 23. Qd2 Rxc1+ 24. Qxc1 Ng4 25. Ng3 h5 26. h3 h4 27. Nf1 Nf6 28. b6 Qg5 29. Kh1 Ra2 30. Nd2 Qa5 31. N2b3 Qxb6 32. Nc5 Qd6 33. Nxb7 Qd5 34. Kg1 Qg5 35. Kf1 Qe5 36. Kg1 Qg5 37. Kf1 Qe5 1/2-1/2